 Dungeon Crawl Stone Soup version 0.22-a0-412-g2b68d144a4 (webtiles) character file.

751 Chiseanne the Quickloader (level 7, -13/53 HPs)
             Began as a Gnoll Wanderer on May 12, 2018.
             Engulfed by a cloud of flame (20 damage)
             ... on level 6 of the Dungeon.
             The game lasted 00:10:11 (3955 turns).

Chiseanne the Quickloader (Gnoll Wanderer)          Turns: 3955, Time: 00:10:12

Health: -13/53     AC: 10    Str: 15    XL:     7   Next: 78%
Magic:  10/10      EV: 10    Int: 15    God:
Gold:   196        SH:  0    Dex: 15    Spells: 11/11 levels left

rFire    . . .     SeeInvis .   a - +2 flail (holy)
rCold    + . .     Gourm    .   (no shield)
rNeg     . . .     Faith    .   k - +1 scale mail
rPois    .         Spirit   .   (no helmet)
rElec    .         Reflect  .   (no cloak)
rCorr    .         Harm     .   (no gloves)
MR       .....                  r - +1 pair of boots
Stlth    +.........             o - amulet of magic regeneration
HPRegen  0.17/turn              j - ring of protection from cold
MPRegen  0.37/turn              (no ring)

@: no status effects
A: distributed training, fangs 1, strong nose
a: no special abilities


You were on level 6 of the Dungeon.
You were very hungry.

You visited 1 branch of the dungeon, and saw 5 of its levels.

You collected 196 gold pieces.

Inventory:

Hand Weapons
 a - a +2 flail of holy wrath (weapon)
 g - a +0 club
 v - a +0 hunting sling
 w - a +2 hand crossbow
 A - a +0 war axe
Missiles
 b - 15 bolts
 d - 81 arrows
 h - 86 stones (quivered)
 s - 32 sling bullets
Armour
 k - a +1 scale mail (worn)
 l - a +2 buckler
 r - a +1 pair of boots (worn)
Jewellery
 j - a ring of protection from cold (left hand)
 m - an uncursed ring of positive energy {unknown}
 o - an amulet of magic regeneration (around neck)
Scrolls
 e - 2 scrolls of teleportation
 x - a scroll of fear
 y - 2 scrolls of amnesia
 B - a scroll of identify
Potions
 c - 2 potions of lignification
 i - 2 potions of curing
 p - a potion of heal wounds {unknown}
 q - 3 potions of degeneration {unknown}
 t - 2 potions of might {unknown}
 u - a potion of haste {unknown}
 C - a potion of flight {unknown}
Comestibles
 f - 6 rations


   Skills:
 + Level 3.7 Fighting
 + Level 2.6 Short Blades
 + Level 2.6 Long Blades
 + Level 2.6 Axes
 + Level 2.6 Maces & Flails
 + Level 2.6 Polearms
 + Level 2.6 Staves
 + Level 2.6 Slings
 + Level 3.7 Bows
 + Level 9.0 Crossbows
 + Level 2.6 Throwing
 + Level 5.3 Armour
 + Level 2.6 Dodging
 + Level 3.6 Stealth
 + Level 3.7 Shields
 + Level 2.6 Unarmed Combat
 + Level 2.6 Spellcasting
 + Level 2.1 Conjurations
 + Level 2.1 Hexes
 + Level 2.1 Charms
 + Level 2.1 Summonings
 + Level 2.1 Necromancy
 + Level 2.1 Translocations
 + Level 2.1 Transmutations
 + Level 2.1 Fire Magic
 + Level 2.1 Ice Magic
 + Level 2.1 Air Magic
 + Level 2.1 Earth Magic
 + Level 2.1 Poison Magic
 + Level 2.9 Invocations
 + Level 2.6 Evocations


You had 11 spell levels left.
You didn't know any spells.
Your spell library was empty.

Dungeon Overview and Level Annotations

Branches:
Dungeon (6/15)
 Temple: D:4-7

Altars:
Qazlal


Innate Abilities, Weirdness & Mutations

Your experience applies equally to all skills.
You have very sharp teeth.
Your uncanny sense of smell can sniff out nearby items.


Message History

Press: ? - help, Shift-Dir - straight line, f/p - phantom
Aim: a phantom (moderately damaged, inner flame)
You throw a stone. The stone hits the phantom.
The phantom is moderately damaged.
You are feeling very hungry.
Throwing (i - inventory)
h - 86 stones (quivered)
Press: ? - help, Shift-Dir - straight line, f/p - phantom
Aim: a phantom (moderately damaged, inner flame)
Okay, then.
You sock the phantom!
The phantom convulses.
You bite the phantom, but do no damage.
The phantom is heavily damaged.
The phantom hits you but does no damage.
You sock the phantom!
The phantom convulses!
The phantom explodes!
The fiery explosion engulfs you!
* * * LOW HITPOINT WARNING * * *
Your Crossbows skill increases to level 9!
You are engulfed in blazing flames.
You die...

#####
############################%...#
.........(..(.§§@..(..(...((((..'
############################.(.(#
...#### ....# #)....# .Z..#
......# ∆ ....# #.....# ...(#
......# ....# #.)...# ##.#.
...####


There were no monsters in sight!

Vanquished Creatures
  A water moccasin (D:6)
  A black bear (D:6)
  2 phantoms (D:6)
  A centaur (D:6)
  A howler monkey (D:5)
  A crimson imp (D:5)
  A bullfrog skeleton (D:5)
  A hound (D:5)
  An orc priest (D:6)
  An orc wizard (D:6)
  A worker ant (D:6)
  A killer bee zombie (D:6)
  2 adders
  A worm (D:3)
  2 leopard geckos
  7 orcs
  5 giant cockroaches
  4 hobgoblins
  2 jackals (D:3)
  A quokka (D:3)
  6 bats
  3 frilled lizards
  7 goblins
  5 kobolds
  2 rats
60 creatures vanquished.

Notes
Turn   | Place    | Note
-------+----------+-------------------------------------------
     0 | D:1      | Chiseanne the Gnoll Wanderer began the quest for the Orb.
     0 | D:1      | Chiseanne set off with: a +2 hand crossbow, 25 bolts, 2 potions of lignification, a +0 robe, a ration
     0 | D:1      | Reached XP level 1. HP: 17/17 MP: 1/1
     2 | D:1      | Noticed an electric eel
   129 | D:1      | Reached XP level 2. HP: 23/23 MP: 2/2
   874 | D:2      | Reached XP level 3. HP: 16/28 MP: 3/3
  1359 | D:2      | Found a stormy altar of Qazlal.
  1438 | D:3      | Reached skill level 1 in Invocations
  1788 | D:3      | Reached skill level 1 in Short Blades
  1788 | D:3      | Reached skill level 1 in Long Blades
  1788 | D:3      | Reached skill level 1 in Axes
  1788 | D:3      | Reached skill level 1 in Maces & Flails
  1788 | D:3      | Reached skill level 1 in Polearms
  1788 | D:3      | Reached skill level 1 in Staves
  1788 | D:3      | Reached skill level 1 in Slings
  1788 | D:3      | Reached skill level 1 in Throwing
  1788 | D:3      | Reached skill level 1 in Dodging
  1788 | D:3      | Reached skill level 1 in Unarmed Combat
  1788 | D:3      | Reached skill level 1 in Spellcasting
  1788 | D:3      | Reached skill level 1 in Evocations
  1971 | D:3      | Reached XP level 4. HP: 34/34 MP: 5/5
  2199 | D:3      | You fall through a shaft for 2 floors!
  2199 | D:5      | Entered Level 5 of the Dungeon
  2213 | D:5      | Reached skill level 1 in Conjurations
  2213 | D:5      | Reached skill level 1 in Hexes
  2213 | D:5      | Reached skill level 1 in Charms
  2213 | D:5      | Reached skill level 1 in Summonings
  2213 | D:5      | Reached skill level 1 in Necromancy
  2213 | D:5      | Reached skill level 1 in Translocations
  2213 | D:5      | Reached skill level 1 in Transmutations
  2213 | D:5      | Reached skill level 1 in Fire Magic
  2213 | D:5      | Reached skill level 1 in Ice Magic
  2213 | D:5      | Reached skill level 1 in Air Magic
  2213 | D:5      | Reached skill level 1 in Earth Magic
  2213 | D:5      | Reached skill level 1 in Poison Magic
  2256 | D:5      | Reached XP level 5. HP: 21/40 MP: 5/7
  3073 | D:6      | Noticed a centaur
  3084 | D:6      | Killed a centaur
  3084 | D:6      | Reached XP level 6. HP: 27/47 MP: 8/8
  3206 | D:6      | Noticed a black bear
  3211 | D:6      | Killed a black bear
  3211 | D:6      | Reached skill level 5 in Armour
  3295 | D:6      | Noticed a water moccasin
  3300 | D:6      | Killed a water moccasin
  3300 | D:6      | Reached XP level 7. HP: 44/52 MP: 10/10
  3955 | D:6      | Reached skill level 9 in Crossbows
  3955 | D:6      | Engulfed by a cloud of flame

Vault maps used:
D:1:      arrival_aquarium_a
D:2:      nicolae_overflow_hidden_temple, kennysheep_generic_room_8
D:3:      xom_redecorated
D:5:      gammafunk_temple_overflow_forgotten, first_ration
D:6:      serial_shops, shop, led_sif_pool

Skill      XL: |  1  2  3  4  5  6  7 |
---------------+----------------------+-----
Invocations    | 1 2 |  2.9
Short Blades   | 1 2 |  2.6
Long Blades    | 1 2 |  2.6
Axes           | 1 2 |  2.6
Maces & Flails | 1 2 |  2.6
Polearms       | 1 2 |  2.6
Staves         | 1 2 |  2.6
Slings         | 1 2 |  2.6
Throwing       | 1 2 |  2.6
Dodging        | 1 2 |  2.6
Unarmed Combat | 1 2 |  2.6
Spellcasting   | 1 2 |  2.6
Evocations     | 1 2 |  2.6
Conjurations   | 1 2 |  2.1
Hexes          | 1 2 |  2.1
Charms         | 1 2 |  2.1
Summonings     | 1 2 |  2.1
Necromancy     | 1 2 |  2.1
Translocations | 1 2 |  2.1
Transmutations | 1 2 |  2.1
Fire Magic     | 1 2 |  2.1
Ice Magic      | 1 2 |  2.1
Air Magic      | 1 2 |  2.1
Earth Magic    | 1 2 |  2.1
Poison Magic   | 1 2 |  2.1
Fighting       | 3 |  3.7
Bows           | 3 |  3.7
Shields        | 3 |  3.7
Stealth        | 3 |  3.6
Armour         | 5 |  5.3
Crossbows      | 9 |  9.0

Action                   |  1- 3 |  4- 6 |  7- 9 || total
-------------------------+-------+-------+-------++-------
Melee: Dagger            |   175 |   114 |       ||   289
       Bite              |    15 |     8 |     5 ||    28
       Hand axe          |     6 |       |       ||     6
       Punch             |     1 |       |       ||     1
       War axe           |       |    18 |       ||    18
       Flail             |       |       |    36 ||    36
 Fire: Hand crossbow     |    25 |    30 |    12 ||    67
Throw: Stone             |     5 |       |    22 ||    27
  Use: Scroll            |     8 |     2 |     1 ||    11
  Eat: Chunk             |     3 |     5 |     1 ||     9
Armor: Robe              |     2 |       |       ||     2
       Scale mail        |   119 |    96 |    15 ||   230
Dodge: Dodged            |   116 |    67 |    16 ||   199

Table legend:
 A = Spawn XP
 B = Non-spawn XP
 C = Spawn XP percentage of total XP
 D = Spawn monster count
 E = Non-spawn monster count
 F = Spawn count percentage of total count
 G = Total turns spent on level
                    A         B        C        D         E        F      G
               +---------+---------+-------+---------+---------+-------+---------
         Total |       0 |    1074 |   0.0 |       0 |      60 |   0.0 |  3955
               +---------+---------+-------+---------+---------+-------+---------
           D:1 |       0 |      25 |   0.0 |       0 |      16 |   0.0 |   690
           D:2 |       0 |      29 |   0.0 |       0 |      10 |   0.0 |   714
           D:3 |       0 |      49 |   0.0 |       0 |      17 |   0.0 |   795
           D:5 |       0 |     191 |   0.0 |       0 |       5 |   0.0 |   810
           D:6 |       0 |     780 |   0.0 |       0 |      12 |   0.0 |   946
               +---------+---------+-------+---------+---------+-------+---------
